 Dungeon Crawl Stone Soup version 0.27-a0-887-gcab673c142 (webtiles) character file.

Game seed: 1046779574864148777

36130 timneilson the Blocker (level 13, -5/80 HPs)
             Began as a Gargoyle Fighter on Apr 5, 2021.
             Was a High Priest of Okawaru.
             Slain by an ice devil (10 damage)
             ... in an ice cave.
             The game lasted 00:33:37 (15621 turns).

timneilson the Blocker (Gargoyle Fighter)          Turns: 15621, Time: 00:33:38

Health: -5/80      AC: 31    Str: 25    XL:     13   Next: 88%
Magic:  0/10       EV: 11    Int:  9    God:    Okawaru [*****.]
Gold:   3142       SH: 14    Dex:  9    Spells: 12/12 levels left

rFire    + + .     SeeInvis .   J - +8 double sword "Tecw" {holy, Stlth+}
rCold    + . .     Faith    .   y - +1 kite shield of Tukot {rPois rF+ Will+ MP-9}
rNeg     + . .     Spirit   +   C - +0 plate armour
rPois    ∞         Reflect  .   d - +0 helmet
rElec    +         Harm     .   (no cloak)
rCorr    +         Rampage  .   f - +1 pair of gloves {archery}
Will     ++...                  b - +0 pair of boots
Stlth    ..........             P - amulet of guardian spirit
HPRegen  0.23/turn              n - ring of willpower
MPRegen  0.12/turn              t - +4 ring of evasion

@: mighty, resistant, hasted, very quick
A: AC +9, negative energy resistance 1, electricity resistance, torment
resistance 1, unbreathing 1, petrification resistance
a: Renounce Religion, Heroism, Finesse


You were in an ice cave.
You worshipped Okawaru.
Okawaru was extremely pleased with you.
You visited 3 branches of the dungeon, and saw 16 of its levels.
You visited the Abyss 1 time.
You also visited: Sewer, Ossuary and Ice Cave.

You collected 3142 gold pieces.

Inventory:

Hand Weapons
 J - the +8 double sword "Tecw" (weapon) {holy, Stlth+}
   (You acquired it on level 7 of the Dungeon)

   It has been blessed by the Shining One to cause great damage to the undead
   and demons.
   It makes you more stealthy.
 L - a +2 scimitar of flaming
Armour
 b - a +0 pair of boots (worn)
 d - a +0 helmet (worn)
 f - a +1 pair of gloves of archery (worn)
 y - the +1 kite shield of Tukot (worn) {rPois rF+ Will+ MP-9}
   (You found it in a sewer)

   It protects you from fire.
   It protects you from poison.
   It affects your magic capacity (-9).
   It increases your willpower.
 C - a +0 plate armour (worn)
 N - a +0 tower shield
Jewellery
 n - a ring of willpower (left hand)
 t - a +4 ring of evasion (right hand)
 I - a ring of fire
 P - an amulet of guardian spirit (around neck)
Wands
 a - a wand of digging (3)
 g - a wand of mindburst (15)
 p - a wand of flame (52)
 r - a wand of random effects (26)
 u - a wand of polymorph (15)
 B - a wand of charming (11)
 G - a wand of iceblast (13)
Scrolls
 c - a scroll of enchant armour
 e - 4 scrolls of amnesia
 j - 3 scrolls of magic mapping
 m - a scroll of holy word
 o - 9 scrolls of teleportation
 s - 6 scrolls of fear
 w - 9 scrolls of fog
 D - a scroll of silence
 H - 2 scrolls of enchant weapon
 M - a scroll of blinking
Potions
 h - 3 potions of attraction
 i - 4 potions of cancellation
 k - 3 potions of lignification
 l - 7 potions of ambrosia
 q - 4 potions of brilliance
 v - a potion of invisibility {unknown}
 x - 3 potions of resistance
 z - a potion of experience {unknown}
 A - 3 potions of flight {unknown}
 E - 3 potions of magic {unknown}
 F - 3 potions of haste


   Skills:
 + Level 9.3 Fighting
 * Level 10.5 Long Blades
 * Level 12.5 Armour
 * Level 12.6 Shields
 + Level 8.0 Invocations
 + Level 7.0 Evocations


You had 12 spell levels left.
You didn't know any spells.
Your spell library contained the following spells:

 Spells                   Type           Power      Damage    Failure   Level
 Magic Dart               Conj           0%         1d3       99%         1
 Searing Ray              Conj           0%         3d3       100%        2
 Confusing Touch          Hex            0%         N/A       100%        3
 Dazzling Flash           Conj/Hex       0%         N/A       100%        3
 Gell's Gravitas          Tloc           0%         N/A       100%        3
 Fulminant Prism          Conj/Hex       0%         3d6       100%        4
 Iskenderun's Mystic Bla  Conj/Tloc      0%         2d3       100%        4
 Petrify                  Tmut/Erth      0%         N/A       100%        4
 Summon Lightning Spire   Summ/Air       0%         N/A       100%        4
 Metabolic Englaciation   Hex/Ice        0%         N/A       100%        5
 Silence                  Hex/Air        0%         N/A       100%        5
 Summon Forest            Summ/Tloc      0%         N/A       100%        5
 Summon Mana Viper        Hex/Summ       0%         N/A       100%        5
 Yara's Violent Unravell  Hex/Tmut       0%         3d3       100%        5
 Conjure Ball Lightning   Conj/Air       0%         3x3d6     100%        6
 Shadow Creatures         Summ           N/A        N/A       100%        6
 Summon Hydra             Summ           0%         N/A       100%        7
 Tornado                  Air            0%         N/A       100%        9


Dungeon Overview and Level Annotations

Branches:
Dungeon (12/15)            Temple (1/1) D:4            Lair (3/6) D:8
  Swamp (0/4) Lair:3          Orc (0/2) D:9           Sewer (visited)
Ossuary (visited)           IceCv (1/1)
  Snake: Lair:2-4    Spider: Lair:2-4

Altars:
Ashenzari
Cheibriados
Dithmenos
Elyvilon
Fedhas
Gozag
Hepliaklqana
Kikubaaqudgha
Makhleb
Nemelex Xobeh
Okawaru
Qazlal
Ru
Sif Muna
Trog
Uskayaw
Vehumet
Wu Jian
Xom
Yredelemnul
Zin
The Shining One

Shops:
D:2 ((:*   D:11 *

Annotations:
Lair:2 1 transporter
Lair:3 2 transporters, Schnaeble's ghost, journeyman MiMo


Innate Abilities, Weirdness & Mutations

Your stone body is resilient. (AC +9)
You are immune to poison.
You resist negative energy. (rN+)
You are resistant to electric shocks. (rElec)
You are resistant to unholy torment.
You can survive without breathing.
You are immune to petrification.


Message History

The white imp shouts!
You are engulfed in freezing vapours.
You block the ufetubus's attack. The ufetubus barely misses you.
You hit the ufetubus.
The ufetubus convulses.
You kill the ufetubus!
Okawaru accepts your kill.
You are engulfed in freezing vapours.
* * * LOW HITPOINT WARNING * * *
The white imp gestures at you. The puff of frost misses you.
You feel yourself speed up.
The white imp laughs crazily.
You block the white imp's attack.
You feel very mighty all of a sudden. You block the white imp's attack.
The ice devil hits you.
* * * LOW HITPOINT WARNING * * *
The ice devil freezes you!!
* * * LOW HITPOINT WARNING * * *
Unknown command.
You closely miss the white imp. You block the white imp's attack.
You closely miss the white imp.
The ice devil hits you but does no damage.
You slash the white imp!
The white imp convulses!
You kill the white imp!
Okawaru accepts your kill. You block the ice devil's attack.
You hit the ice devil but do no damage.
The ice devil hits you but does no damage.
You slash the ice devil!
The ice devil convulses!
The ice devil is heavily wounded.
The ice devil barely misses you.
You riposte.
You closely miss the ice devil.
You feel protected.
The ice devil hits you but does no damage. x2
You slice the ice devil!!
The ice devil convulses!!!
You kill the ice devil!
Okawaru accepts your kill. The ice devil hits you.
* * * LOW HITPOINT WARNING * * *
The ice devil freezes you! You resist.
You die...

######§.##.....##...#
##.#..§§.......)###..#
#..°..§...##..)##...##
....≈###########§..##
..#### ###§§.## ###
######§☼.### #
#§.§○§☼.##
.☼§§§§§§☼###
##.§§§§°§@.#
#.§####§§4...# ☼§
#§§.....# . ##.......#
##.......# .......##
#.....## .#..###


You could see an ice devil.

Vanquished Creatures
  Harold (D:10)
  Fannar (Lair:1)
  2 hydras
  A boulder beetle (D:12)
  A centaur warrior (D:10)
  6 two-headed ogres
  3 death yaks (D:8)
  Urug (D:10)
  Sonja (Lair:1)
  A glowing orange brain (shapeshifter) (D:10)
  A deep elf pyromancer (D:12)
  2 cyclopes
  2 ugly things
  2 black mambas (Lair:1)
  2 ice statues (IceCv)
  5 cane toads
  Maggie (Lair:2)
  4 komodo dragons
  5 ice devils (IceCv)
  A queen bee (D:11)
  A troll (D:10)
  A hornet (D:7)
  5 blink frogs (Lair:3)
  9 slime creatures
  3 shadows
  2 wraiths
  19 yaks
  A wyvern (D:10)
  5 basilisks
  4 vampire mosquitoes (D:11)
  Menkaure (D:7)
  3 acid dragons
  7 water moccasins
  The ghost of rageheart7 the Chiller, an amateur DEIE (D:4)
  6 orc warriors
  9 ice beasts
  A sky beast (D:5)
  An ogre (D:4)
  3 black bears
  4 centaurs (D:10)
  A wolf (Lair:3)
  5 necrophages
  4 kobold brigands
  2 wyvern zombies
  An elf zombie (Ossuary)
  2 scorpions (D:4)
  9 bullfrogs
  A water moccasin skeleton (D:4)
  32 killer bees
  A wight (D:10)
  2 electric eels
  2 bullfrog zombies
  7 centaur zombies
  A human zombie (Ossuary)
  A jelly (D:7)
  4 hounds
  3 orc priests
  A bullfrog skeleton (D:6)
  Jessica (D:2)
  An iguana (D:2)
  10 orc wizards
  A scorpion zombie (D:5)
  5 mummies
  Robin (D:2)
  14 adders
  6 gnolls
  6 river rats
  9 white imps
  11 ufetubi
  A worm (D:6)
  6 dart slugs
  31 orcs
  20 ball pythons
  7 endoplasms
  2 giant cockroaches (D:1)
  13 goblins
  13 hobgoblins
  7 jackals (D:1)
  10 quokkas
  3 bats
  5 frilled lizards
  2 goblin zombies (Ossuary)
  2 hobgoblin zombies
  3 jackal zombies (Ossuary)
  12 kobolds
  3 kobold zombies (Ossuary)
  An orc zombie (D:4)
  29 rats
  A rat zombie (Ossuary)
444 creatures vanquished.

Vanquished Creatures (others)
  A white imp (IceCv)
  2 ufetubi (IceCv)
  5 fungi
  4 plants (Lair:3)
12 creatures vanquished.

Grand Total: 456 creatures vanquished

Notes
Turn   | Place    | Note
-------+----------+-------------------------------------------
     0 | D:1      | timneilson the Gargoyle Fighter began the quest for the
                  | Orb.
     0 | D:1      | Reached XP level 1. HP: 14/14 MP: 1/1
    95 | D:1      | Reached XP level 2. HP: 17/19 MP: 2/2
   571 | D:1      | Reached XP level 3. HP: 23/23 MP: 3/3
  1188 | D:2      | Found Toifu's Weapon Shop.
  1249 | D:2      | Reached XP level 4. HP: 28/28 MP: 4/4
  1518 | D:2      | Noticed Robin
  1569 | D:2      | Killed Robin
  1713 | D:2      | Reached XP level 5. HP: 32/33 MP: 5/5
  1724 | D:2      | Found Zeanuut's Book Shop.
  1739 | D:2      | Found Itwasonk's Antique Weapon Shoppe.
  1782 | D:2      | Noticed Jessica
  1790 | D:2      | Killed Jessica
  2003 | D:2      | Found Sopsaxt's General Store.
  2130 | D:3      | Found a basalt altar of Yredelemnul.
  2760 | D:3      | Found a faded altar of an unknown god.
  3295 | D:4      | Noticed an ogre
  3302 | D:4      | Killed an ogre
  3303 | D:4      | Reached XP level 6. HP: 34/38 MP: 6/6
  3362 | D:4      | Found a white marble altar of Elyvilon.
  3380 | D:4      | Reached skill level 5 in Armour
  3380 | D:4      | Reached skill level 5 in Shields
  3426 | D:4      | Found a large runed translucent door.
  3427 | D:4      | Found a large runed translucent door.
  3430 | D:4      | Noticed rageheart7's ghost (amateur DEIE)
  3435 | D:4      | Noticed a black bear
  3446 | D:4      | Killed a black bear
  3447 | D:4      | Reached skill level 1 in Evocations
  3447 | D:4      | Reached XP level 7. HP: 36/43 MP: 7/7
  3522 | D:4      | Found a sand-covered staircase.
  3533 | Ossuary  | Entered an ossuary
  3835 | Ossuary  | Identified the +9 dagger "Valuuqew" {vorpal, rF+ rC- Str+4}
  4419 | D:4      | Found a staircase to the Ecumenical Temple.
  4426 | Temple   | Entered the Ecumenical Temple
  4455 | Temple   | Became a worshipper of Warmaster Okawaru
  4974 | D:4      | Killed rageheart7's ghost
  4975 | D:4      | Reached XP level 8. HP: 48/48 MP: 8/8
  5004 | D:5      | Entered Level 5 of the Dungeon
  5099 | D:5      | Found an ornate altar of the Wu Jian Council.
  5215 | D:5      | Reached skill level 1 in Invocations
  5377 | D:5      | Reached * piety under Okawaru
  6001 | D:6      | Found a glowing drain.
  6005 | Sewer    | Entered a sewer
  6153 | Sewer    | Identified the +1 kite shield of Tukot {rPois rF+ Will+
                  | MP-9}
  6206 | Sewer    | Reached skill level 5 in Fighting
  6293 | Sewer    | Reached skill level 5 in Long Blades
  6623 | D:6      | Found a glowing silver altar of Zin.
  6892 | D:6      | Reached XP level 9. HP: 53/54 MP: 1/10
  7663 | D:7      | Noticed a hornet
  7709 | D:7      | Killed a hornet
  7709 | D:7      | Reached ** piety under Okawaru
  8651 | D:7      | Noticed Menkaure
  8659 | D:7      | Killed Menkaure
  8856 | D:7      | Found a burning altar of Makhleb.
  8882 | D:7      | Noticed a cyclops
  8890 | D:7      | Killed a cyclops
  8890 | D:7      | Reached *** piety under Okawaru
  8891 | D:7      | Reached XP level 10. HP: 59/60 MP: 0/12
  8977 | D:7      | Identified 3 scrolls of acquirement
  8977 | D:7      | Acquired a +2 scimitar of holy wrath
  8979 | D:7      | Acquired 950 gold pieces
  8981 | D:7      | Acquired the +8 double sword "Tecw" {holy, Stlth+}
  9073 | D:8      | Noticed a death yak
  9085 | D:8      | Noticed a death yak
  9087 | D:8      | Noticed a death yak
  9093 | D:8      | Killed a death yak
  9116 | D:8      | Killed a death yak
  9130 | D:8      | Killed a death yak
  9331 | D:8      | Found a bloodstained altar of Trog.
  9331 | D:8      | Found a stormy altar of Qazlal.
  9331 | D:8      | Found a blossoming altar of Fedhas.
  9610 | D:8      | Noticed a two-headed ogre
  9613 | D:8      | Killed a two-headed ogre
  9613 | D:8      | Reached **** piety under Okawaru
  9614 | D:8      | Reached XP level 11. HP: 50/66 MP: 2/14
  9626 | D:8      | Found a shimmering altar of Xom.
  9814 | D:8      | Reached skill level 5 in Invocations
  9950 | D:8      | Found a staircase to the Lair.
 10102 | D:9      | Found a hazy altar of Hepliaklqana.
 10103 | D:9      | Found a shadowy altar of Dithmenos.
 10482 | D:9      | Found a staircase to the Orcish Mines.
 10750 | D:10     | Entered Level 10 of the Dungeon
 10762 | D:10     | Found a radiant altar of Vehumet.
 10821 | D:10     | Reached ***** piety under Okawaru
 10895 | D:10     | Noticed a two-headed ogre
 10899 | D:10     | Noticed Urug
 10906 | D:10     | Killed a two-headed ogre
 10907 | D:10     | Reached skill level 10 in Armour
 10907 | D:10     | Reached skill level 10 in Shields
 10907 | D:10     | Reached skill level 5 in Evocations
 10915 | D:10     | Killed Urug
 11181 | D:10     | Noticed a wolf spider
 11181 | D:10     | Noticed a cyclops
 11181 | D:10     | Noticed a centaur warrior
 11181 | D:10     | Noticed a cyan ugly thing
 11197 | D:10     | Killed a centaur warrior
 11207 | D:10     | Noticed a great orb of eyes
 11207 | D:10     | a great orb of eyes changed into a slime creature
 11209 | D:10     | Killed a cyan ugly thing
 11209 | D:10     | Received a gift from Okawaru
 11209 | D:10     | Noticed an anaconda
 11209 | D:10     | a slime creature changed into an anaconda
 11225 | D:10     | Noticed a glowing orange brain
 11225 | D:10     | an anaconda changed into a glowing orange brain
 11228 | D:10     | Killed a glowing orange brain
 11238 | D:10     | Reached XP level 12. HP: 54/73 MP: 7/16
 11452 | D:10     | Noticed Harold
 11452 | D:10     | Noticed a two-headed ogre
 11463 | D:10     | Killed a two-headed ogre
 11470 | D:10     | Killed Harold
 11582 | D:10     | Noticed a two-headed ogre
 11589 | D:10     | Killed a two-headed ogre
 12079 | D:11     | Found a stormy altar of Qazlal.
 12184 | D:11     | Found Rath's Assorted Antiques.
 12184 | D:11     | Noticed a two-headed ogre
 12192 | D:11     | Killed a two-headed ogre
 12436 | D:11     | Noticed a two-headed ogre
 12449 | D:11     | Killed a two-headed ogre
 12449 | D:11     | Received a gift from Okawaru
 13137 | D:12     | Noticed a boulder beetle
 13169 | D:12     | Reached XP level 13. HP: 76/79 MP: 9/18
 13311 | Lair:1   | Entered Level 1 of the Lair of Beasts
 13384 | Lair:1   | Noticed Fannar
 13401 | Lair:1   | Killed Fannar
 13630 | Lair:1   | Reached skill level 10 in Long Blades
 13630 | Lair:1   | Noticed Sonja
 13654 | Lair:1   | Acquired 1305 gold pieces
 13697 | Lair:1   | Cast into level 2 of the Abyss (Sonja)
 13697 | Abyss:2  | Found a corrupted altar of Lugonu.
 13704 | Lair:1   | Escaped the Abyss
 13705 | Lair:1   | Killed Sonja
 13705 | Lair:1   | Received a gift from Okawaru
 14708 | Lair:2   | Found a transporter.
 14922 | Lair:2   | Noticed Maggie
 14932 | Lair:2   | Killed Maggie
 14962 | Lair:2   | You fall into a shaft and drop 1 floor!
 14976 | Lair:3   | Found a transporter.
 14986 | Lair:3   | Found a transporter.
 15003 | Lair:3   | Noticed Schnaeble's ghost (journeyman MiMo)
 15029 | Lair:3   | Found a bloodstained altar of Trog.
 15101 | Lair:3   | Identified the +8 great sword of Sujemor {drain, Fly Will+
                  | SInv} (Okawaru gifted it to you on level 3 of the Lair of
                  | Beasts)
 15101 | Lair:3   | Received a gift from Okawaru
 15132 | Lair:3   | Found a staircase to the Swamp.
 15148 | Lair:3   | Found a frozen archway.
 15193 | IceCv    | Entered an ice cave
 15621 | IceCv    | Slain by an ice devil

Illustrated notes

Levels and vault maps discovered:
D:1:      elethiomel_arrival_quiet, layout_basic
D:2:      layout_basic, serial_shops, shop, shop, nicolae_shop_statue_plus,
          shop, minmay_misc_feat_plants, uniq_robin, uniq_jessica
D:3:      layout_basic, overflow_temple_1_default,
          ebering_ecumenical_altar_mist, minmay_joined_circles
D:4:      layout_basic, elyvilon_altar_1, minmay_temple_entry_statues_pillars,
          nicolae_ossuary_entry_giza, ebering_ghost_disaster_area
D:5:      layout_basic, nicolae_overflow_crystal_walls, st_stairs_1
D:6:      layout_gridville, zin_statuary, gup_sewer_entry_bowl, hex_large
D:7:      layout_basic, makhleb_heckhound_becter, kennysheep_generic_room_2,
          uniq_menkaure
D:8:      layout_gridville, marbit_many_paths, gammafunk_temple_overflow_claw,
          dpeg_lair_monsters
D:9:      layout_roguey, riverfiend_overflow_shadow_ancestor
D:10:     nzn_winding_woodlands_cross [nzn_winding_woodlands_5x15_cabin,
          nzn_winding_woodlands_5x15_crooked,
          nzn_winding_woodlands_5x15_default,
          nzn_winding_woodlands_5x15_sidewinder,
          nzn_winding_woodlands_15x15_killbox], layout_cave_pools,
          vehumet_altar_wand_db, uniq_harold, uniq_urug
D:11:     layout_gridville, special_room [special_room_bee], serial_shops,
          nicolae_shop_statue_plus, nicolae_qazlal_scattered_showers
D:12:     layout_loops_ring, minmay_ruined_shrine
Temple:   dpeg_chambers_temple
Lair:1:   layout_cellular_growth, grunt_megastairs_4, infiniplex_staircase_pool,
          uniq_sonja, uniq_fannar
Lair:2:   gammafunk_cloud_chamber, layout_cave_pods, minmay_lindwurm_lava,
          lemuel_fruit_tree, uniq_maggie
Lair:3:   regret_index_bee_streams, layout_chaotic_city, swamp_mist,
          gammafunk_ghost_wrathful_warriors, portal_ice_cave_entry_ice_beasts
IceCv:    ice_cave_small_demon

Skill      XL: |  1  2  3  4  5  6  7  8  9 10 11 12 13 |
---------------+----------------------------------------+-----
Long Blades    | 2 3 4 5 6 7 8 9 10 | 10.5
Armour         | 4 5 6 8 9 10 11 12 | 12.5
Shields        | 4 5 6 8 9 10 11 12 | 12.6
Fighting       | 4 5 6 7 8 9 |  9.3
Evocations     | 1 2 3 4 5 6 7 |  7.0
Invocations    | 2 3 4 6 7 8 |  8.0

Action                   |  1- 3 |  4- 6 |  7- 9 | 10-12 | 13-15 || total
-------------------------+-------+-------+-------+-------+-------++-------
Melee: Long sword        |   106 |   203 |   576 |       |       ||   885
       Double sword      |       |       |       |   488 |   316 ||   804
       Scimitar          |       |       |       |       |    14 ||    14
Invok: Heroism           |       |       |     3 |    17 |     9 ||    29
  Use: Scroll            |     3 |     7 |     5 |     8 |     5 ||    28
       Potion            |       |     2 |     4 |     8 |     3 ||    17
Armor: Scale mail        |    78 |   127 |   308 |    20 |       ||   533
       Chain mail        |       |       |       |    52 |       ||    52
       Plate armour      |       |       |       |   130 |   169 ||   299
Dodge: Dodged            |    30 |    76 |   375 |   202 |   167 ||   850
Block: Kite shield       |    79 |   127 |   468 |   376 |   271 ||  1321
       Rpst.: Long sword |     6 |    25 |   108 |       |       ||   139
       Double sword      |       |       |       |    56 |    51 ||   107

Table legend: (Time is in decaauts)
 A = Elapsed time spent in this place.
 B = Non-inter-level travel time spent in this place.
 C = Inter-level travel time spent in this place.
 D = Time resting spent in this place.
 E = Time spent auto-exploring this place.
 F = Levels seen in this place.
 G = Mean time per level.
                   A        B        C        D        E       F      G
               +--------+--------+--------+--------+--------+-----+--------+
         Total |  15987 |  15517 |    470 |    266 |  11407 |  20 |  799.3 |
       Dungeon |  12624 |  12189 |    435 |     27 |   9375 |  12 | 1052.0 |
        Temple |    224 |    214 |     10 |      0 |    203 |   1 |  224.0 |
          Lair |   1855 |   1830 |     25 |      0 |   1343 |   3 |  618.3 |
         Abyss |      6 |      6 |      0 |      0 |      0 |   1 |    6.0 |
         Sewer |    506 |    506 |      0 |      0 |    236 |   1 |  506.0 |
       Ossuary |    346 |    346 |      0 |      0 |    218 |   1 |  346.0 |
      Ice Cave |    423 |    423 |      0 |    239 |     31 |   1 |  423.0 |
               +--------+--------+--------+--------+--------+-----+--------+

Top non-repeatable levels by time:
     D:7: 1690 daAuts
    D:10: 1333 daAuts
  Lair:1: 1235 daAuts
     D:3: 1229 daAuts
     D:4: 1219 daAuts
     D:8: 1167 daAuts
     D:2: 1134 daAuts
     D:1: 1059 daAuts
     D:6: 1011 daAuts
     D:5: 965 daAuts
    D:11: 952 daAuts
     D:9: 704 daAuts
   Sewer: 506 daAuts
   IceCv: 423 daAuts
  Lair:2: 402 daAuts
